 Dungeon Crawl Stone Soup version 0.21.0 (webtiles) character file.

4135 mopl the Basher (level 10, -7/86 HPs)
             Began as a Minotaur Berserker on Jan 6, 2018.
             Was a High Priest of Trog.
             Mangled by a crocodile (9 damage)
             ... on level 8 of the Dungeon.
             The game lasted 00:09:40 (6313 turns).

mopl the Basher (Minotaur Berserker)                Turns: 6313, Time: 00:09:41

Health: -7/86      AC: 16    Str: 22    XL:     10   Next: 6%
Magic:  11/11      EV:  7    Int:  4    God:    Trog [*****.]
Gold:   412        SH:  0    Dex: 13    Spells: 9/9 levels left

rFire    . . .     SeeInvis .   b - +1 whip (elec)
rCold    . . .     Gourm    .   (no shield)
rNeg     + . .     Faith    +   F - +0 plate armour
rPois    .         Spirit   .   (helmet restricted)
rElec    .         Reflect  .   o - +0 cloak
rCorr    .         Harm     .   q - +0 pair of gloves (curse)
MR       .....     Rnd*Tele +   f - +0 pair of boots
Stlth    ..........             p - amulet of faith {!P}
HPRegen  0.24/turn              e - ring of positive energy
MPRegen  0.12/turn              L - ring of teleportation (curse)

@: berserk cooldown, slowed, very slow
A: retaliatory headbutt, horns 2
a: Berserk, Trog's Hand, Brothers in Arms, Burn Spellbooks, Renounce Religion


You were on level 8 of the Dungeon.
You worshipped Trog.
Trog was extremely pleased with you.
You were hungry.

You visited 1 branch of the dungeon, and saw 8 of its levels.
You also visited: Sewer.

You collected 412 gold pieces.

Inventory:

Hand Weapons
 a - a +0 flail of draining
 b - a +1 whip of electrocution (weapon)
Missiles
 w - 5 javelins of penetration (quivered)
 K - 8 needles of confusion
Armour
 f - a +0 pair of boots (worn)
 o - a +0 cloak (worn)
 q - a cursed +0 pair of gloves (worn)
 F - a +0 plate armour (worn)
Jewellery
 e - a ring of positive energy (left hand)
 i - an uncursed amulet of the gourmand
 p - an amulet of faith (around neck) {!P}
 L - a cursed ring of teleportation (right hand)
Wands
 E - a wand of iceblast (7)
 H - a wand of digging (14)
Scrolls
 d - 3 scrolls of remove curse {unknown}
 g - 11 scrolls of identify {unknown}
 k - 2 scrolls of enchant weapon {unknown}
 s - a scroll of fear {unknown}
 t - a scroll of magic mapping {unknown}
 u - a scroll of fog {unknown}
 x - a scroll of amnesia {unknown}
 y - a scroll of enchant armour {unknown}
 z - 2 scrolls of immolation {unknown}
 A - a scroll of random uselessness {unknown}
 C - a scroll of teleportation {unknown}
 I - 2 scrolls of blinking {unknown}
 J - a scroll of summoning {unknown}
Potions
 h - 4 potions of curing {unknown}
 j - a potion of might {unknown}
 l - 3 potions of heal wounds {unknown}
 m - a potion of degeneration {unknown}
 n - a potion of lignification {unknown}
 r - 3 potions of brilliance {unknown}
 v - a potion of magic {unknown}
 B - a potion of ambrosia {unknown}
 D - 2 potions of agility {unknown}
 M - a potion of haste {unknown}
Comestibles
 c - 8 rations


   Skills:
 + Level 7.1 Fighting
 * Level 12.8 Maces & Flails
 + Level 5.0 Throwing
 + Level 6.5 Armour
 - Level 2.1 Dodging
 + Level 3.8 Evocations


You had 9 spell levels left.
You didn't know any spells.

Dungeon Overview and Level Annotations

Branches:
Dungeon (8/15)             Temple (0/1) D:5
   Lair: D:8-11

Altars:
Yredelemnul

Annotations:
D:8 Joseph


Innate Abilities, Weirdness & Mutations

You reflexively headbutt those who attack you in melee.
You have a pair of horns on your head.


Message History

The crocodile bites you!
* * * LOW HITPOINT WARNING * * *
You hit the crocodile but do no damage.
The crocodile is heavily wounded.
The crocodile bites you.
* * * LOW HITPOINT WARNING * * *
You closely miss the crocodile.
The crocodile is heavily wounded.
The crocodile bites you!
* * * LOW HITPOINT WARNING * * *
You barely miss the crocodile. Your headbutt misses the crocodile.
The crocodile is heavily wounded.
Your plate armour prevents you from hitting the crocodile.
The crocodile is heavily wounded.
The crocodile bites you but does no damage.
The hound bites you but does no damage.
You closely miss the crocodile.
The crocodile is heavily wounded.
The crocodile bites you!
You die...

#.#
#..........#
#.#
#.........(.[
#<#
#..............
###
#..............
#..............
#..............
#..............
#..........(...
#....@h.......♣
#####.t.#....
###.#.. .
####.#####PP.
+......t.....
####)####...P
#....# .
.......##
.......


You could see a crocodile and a hound.

Vanquished Creatures
  A two-headed ogre (D:8)
  Pikel (D:6)
  The ghost of dscm the Geomancer, a novice GrEE of Ashenzari (D:7)
  A porcupine (D:8)
  3 sky beasts
  2 orc warriors (D:7)
  A hornet zombie (D:7)
  An ogre (D:4)
  3 bullfrogs
  A wyvern skeleton (D:6)
  A scorpion (D:4)
  7 killer bees
  3 wights (D:6)
  3 howler monkeys
  A crimson imp (D:6)
  A quasit (D:7)
  A bullfrog zombie (D:6)
  4 hounds
  3 orc priests
  6 orc wizards
  A bullfrog skeleton (D:3)
  2 iguanas
  A centaur skeleton (D:6)
  5 worker ants
  A hound skeleton (D:4)
  9 adders
  4 river rats (Sewer)
  A shadow imp (D:7)
  2 oozes
  2 worms (D:3)
  A dart slug (D:2)
  10 leopard geckos
  22 orcs
  9 bats
  3 giant cockroaches
  10 goblins
  9 hobgoblins
  12 jackals
  3 kobolds
  3 ball pythons
  17 frilled lizards
  A jackal zombie (D:7)
  A leopard gecko skeleton (D:7)
  A quokka skeleton (D:5)
  15 rats
190 creatures vanquished.

Vanquished Creatures (others)
  2 orc wizards (D:5)
  2 bushes (D:8)
  5 plants (D:8)
9 creatures vanquished.

Grand Total: 199 creatures vanquished

Notes
Turn   | Place    | Note
-------+----------+-------------------------------------------
     0 | D:1      | mopl the Minotaur Berserker began the quest for the Orb.
     0 | D:1      | Reached XP level 1. HP: 19/19 MP: 0/0
   232 | D:1      | Reached skill level 4 in Maces & Flails
   327 | D:1      | Reached XP level 2. HP: 26/26 MP: 1/1
   934 | D:2      | Reached ** piety under Trog
   939 | D:2      | Reached skill level 5 in Maces & Flails
   976 | D:2      | Reached XP level 3. HP: 25/31 MP: 2/2
  1713 | D:3      | Reached XP level 4. HP: 39/39 MP: 3/3
  1741 | D:3      | Reached skill level 6 in Maces & Flails
  1746 | D:3      | Found a basalt altar of Yredelemnul.
  1881 | D:3      | Noticed a bullfrog
  1886 | D:3      | Killed a bullfrog
  1886 | D:3      | Reached *** piety under Trog
  1886 | D:3      | Reached skill level 7 in Maces & Flails
  1886 | D:3      | Reached XP level 5. HP: 33/45 MP: 4/4
  2021 | D:3      | Found a glowing drain.
  2025 | Sewer    | Entered a sewer
  2133 | Sewer    | Reached skill level 8 in Maces & Flails
  2415 | D:3      | Reached XP level 6. HP: 51/51 MP: 5/5
  2813 | D:4      | Reached skill level 9 in Maces & Flails
  2859 | D:4      | Reached XP level 7. HP: 28/57 MP: 6/6
  3047 | D:4      | Reached **** piety under Trog
  3205 | D:4      | Reached skill level 10 in Maces & Flails
  3504 | D:5      | Entered Level 5 of the Dungeon
  3900 | D:5      | Reached skill level 1 in Throwing
  3902 | D:5      | Reached skill level 4 in Fighting
  3902 | D:5      | Reached skill level 3 in Armour
  4357 | D:5      | Found a staircase to the Ecumenical Temple.
  4804 | D:6      | Reached skill level 2 in Throwing
  4804 | D:6      | Reached XP level 8. HP: 67/67 MP: 7/7
  4910 | D:6      | Received a gift from Trog
  4987 | D:6      | Reached skill level 4 in Armour
  5100 | D:6      | Reached skill level 5 in Fighting
  5100 | D:6      | Reached skill level 11 in Maces & Flails
  5109 | D:6      | Noticed Pikel
  5113 | D:6      | Reached skill level 1 in Evocations
  5124 | D:6      | Reached skill level 3 in Throwing
  5132 | D:6      | Killed Pikel
  5132 | D:6      | Reached skill level 5 in Armour
  5132 | D:6      | Reached skill level 2 in Evocations
  5132 | D:6      | Reached XP level 9. HP: 72/75 MP: 7/9
  5431 | D:7      | Reached ***** piety under Trog
  5517 | D:7      | Noticed dscm's ghost (novice GrEE)
  5537 | D:7      | Killed dscm's ghost
  5537 | D:7      | Reached skill level 6 in Fighting
  5537 | D:7      | Reached skill level 12 in Maces & Flails
  5537 | D:7      | Reached skill level 4 in Throwing
  5693 | D:7      | Reached skill level 3 in Evocations
  5748 | D:7      | Received a gift from Trog
  5748 | D:7      | Reached skill level 6 in Armour
  6283 | D:8      | Noticed a two-headed ogre
  6284 | D:8      | Noticed Joseph
  6294 | D:8      | Killed a two-headed ogre
  6294 | D:8      | Reached skill level 7 in Fighting
  6294 | D:8      | Reached skill level 5 in Throwing
  6294 | D:8      | Reached XP level 10. HP: 52/86 MP: 11/11
  6310 | D:8      | HP: 1/86 [crocodile (8)]
  6313 | D:8      | Mangled by a crocodile

Skill      XL: |  1  2  3  4  5  6  7  8  9 |
---------------+----------------------------+-----
Maces & Flails | 4 5 7 8 9 10 11 12 | 12.8
Throwing       | 2 3 5 |  5.0
Fighting       | 4 5 7 |  7.1
Armour         | 3 5 6 |  6.5
Evocations     | 2 3 |  3.8
Dodging        | |  2.1

Action                   |  1- 3 |  4- 6 |  7- 9 | 10-12 || total
-------------------------+-------+-------+-------+-------++-------
Melee: Mace              |    78 |    12 |       |       ||    90
       Headbutt          |    10 |    25 |    50 |     1 ||    86
       Flail             |       |   104 |   182 |       ||   286
       Whip              |       |       |   105 |    11 ||   116
Invok: Berserk           |       |     3 |     6 |       ||     9
       Trog's Hand       |       |       |     1 |       ||     1
 Stab: Sleeping          |     2 |     2 |       |       ||     4
  Eat: Chunk             |    16 |     5 |    13 |       ||    34
Armor: Animal skin       |    25 |    33 |     2 |       ||    60
       Plate armour      |       |       |   120 |     2 ||   122
       Ring mail         |       |       |     9 |       ||     9
Dodge: Dodged            |    61 |    83 |    94 |     1 ||   239
